 Dungeon Crawl Stone Soup version 0.30-a0-847-g17996783a1 (webtiles) character file.

Game seed: 984800406323993969

4457 DemonSlayer the Thaumaturge (level 10, 0/66 HPs)
             Began as a Demonspawn Earth Elementalist on Mar 3, 2023.
             Was an Initiate of Cheibriados.
             Slain by a spriggan
             ... wielding a +0 trident
              (10 damage)
             ... in a bailey.
             The game lasted 00:18:32 (8642 turns).

DemonSlayer the Thaumaturge (DsEE)                  Turns: 8642, Time: 00:18:32

Health: 0/66       AC:  5    Str: 13    XL:     10   Next: 15%
Magic:  40/40      EV: 19    Int: 27    God:    Cheibriados [......]
Gold:   464        SH:  5    Dex: 23    Spells: 6/26 levels left

rFire   . . .      SeeInvis .    p - +6 dagger (protect)
rCold   . . .      Faith    .    n - +0 buckler
rNeg    . . .      Spirit   .    g - +1 robe "Idetuiz" {Contam rCorr Int+9 Dex+4}
rPois   .          Reflect  .    (no helmet)
rElec   .          Rampage  .    b - +0 cloak
rCorr   +                        (no gloves)
Will    .....                    D - +0 pair of boots
Stlth   +++++                    w - amulet of magic regeneration
HPRegen 0.31/turn                j - ring of magical power
MPRegen 0.67/turn                s - ring of magical power

@: mighty, agile, very slow
A: hooves 2, thin skeletal structure 2, powered by pain 1, demonic magic 2
a: Renounce Religion


You were in a bailey.
You worshipped Cheibriados.
Cheibriados was noncommittal.
You visited 2 branches of the dungeon, and saw 9 of its levels.
You also visited: Ossuary and Bailey.

You collected 464 gold pieces.

Inventory:

Hand Weapons
 p - a +6 dagger of protection (weapon)
Armour
 b - a +0 cloak (worn)
 g - the +1 robe "Idetuiz" (worn) {Contam rCorr Int+9 Dex+4}
   (You found it on level 2 of the Dungeon)

   Int:       It affects your intelligence (+9).
   Dex:       It affects your dexterity (+4).
   Contam:    It causes magical contamination when unequipped.
   rCorr:     It protects you from acid and corrosion.
 n - a +0 buckler (worn)
 D - a +0 pair of boots (worn)
Jewellery
 e - a +4 ring of slaying
 j - a ring of magical power (left hand)
 q - a +6 ring of strength
 s - a ring of magical power (right hand)
 w - an amulet of magic regeneration (around neck)
 z - a ring of protection from cold
Wands
 f - a wand of acid (17)
 t - a wand of iceblast (18)
 v - a wand of polymorph (10)
 x - a wand of digging (3)
 C - a wand of flame (14)
 G - a wand of mindburst (2)
Scrolls
 a - 9 scrolls of teleportation
 A - a scroll of silence
 B - a scroll of amnesia
Potions
 c - 2 potions of brilliance
 d - 3 potions of flight
 h - a potion of curing
 i - 2 potions of attraction {unknown}
 k - a potion of berserk rage {unknown}
 l - 4 potions of might
 m - 4 potions of heal wounds {unknown}
 o - 4 potions of haste {unknown}
 r - 2 potions of lignification
 u - 2 potions of mutation
 E - a potion of invisibility {unknown}
 F - 4 potions of ambrosia {unknown}
 H - a potion of cancellation {unknown}


   Skills:
 + Level 1.6 Fighting
 + Level 2.0 Short Blades
 + Level 3.7 Dodging
 + Level 5.3 Stealth
 + Level 1.4 Shields
 + Level 0.1 Unarmed Combat
 + Level 8.9 Spellcasting
 + Level 1.0 Transmutations
 + Level 8.5 Earth Magic


You had 6 spell levels left.
You knew the following spells:

 Your Spells              Type           Power      Damage    Failure   Level
a - Sandblast             Erth           100%       2d20      1%          1
b - Passwall              Tmut/Erth      30%        N/A       1%          2
c - Stone Arrow           Conj/Erth      70%        3d11      3%          3
d - Mephitic Cloud        Conj/Pois/Air  12%        N/A       19%         3
e - Petrify               Tmut/Erth      37%        N/A       9%          4
f - Summon Hydra          Summ           6%         N/A       100%        7

Your spell library contained the following spells:

 Spells                   Type           Power      Damage    Failure   Level
 Magic Dart               Conj           48%        1d5       6%          1
 Shock                    Conj/Air       48%        1d6       6%          1
 Slow                     Hex            48%        N/A       6%          1
 Wereblood                Tmut           17%        N/A       6%          2
 Call Imp                 Summ           12%        N/A       10%         2
 Ensorcelled Hibernation  Hex/Ice        24%        N/A       10%         2
 Sublimation of Blood     Necr           12%        N/A       10%         2
 Confusing Touch          Hex            12%        N/A       19%         3
 Swiftness                Air            12%        N/A       19%         3
 Vampiric Draining        Necr           12%        2d6       19%         3
 Airstrike                Air            6%         2d(1-17)  54%         4


Dungeon Overview and Level Annotations

Branches:
Dungeon (8/15)             Temple (1/1) D:7         Ossuary (visited)
 Bailey (1/1)
   Lair: D:8-11

Altars:
Ashenzari
Cheibriados
Dithmenos
Fedhas
Gozag
Hepliaklqana
Kikubaaqudgha
Nemelex Xobeh
Okawaru
Qazlal
Ru
Sif Muna
Trog
Uskayaw
Vehumet
Xom
Yredelemnul

Shops:
D:8 :

Annotations:
D:4 3 runed translucent doors, jejorda2's ghost, novice MfBe


Innate Abilities, Weirdness & Mutations

You have hoof-like feet.
You have a moderately thin skeletal structure. (Dex +4, Stealth++)
You sometimes gain a little power by taking damage.
Spells you cast may paralyse nearby enemies.


Message History

Okay, then.
You swap places.
You block the spriggan's attack. x2
The spriggan closely misses you.
You hear a splashing noise.
The spriggan hits your butterfly with a +0 spear!
Your butterfly dies!
Your butterfly disappears in a burst of colours!
You block the spriggan's attack. Something hits your butterfly!!
Your butterfly dies!
Your butterfly disappears in a burst of colours!
The blast of sand hits the spriggan.
The spriggan is lightly wounded.
Malevolent energies surge around you.
The spriggan hits your butterfly with a +0 spear!
Your butterfly dies!
Your butterfly disappears in a burst of colours!
You block the spriggan's attack. The spriggan hits you with a +0 spear!
You are too injured to fight recklessly!
Casting: Sandblast (safe; 1% risk of failure)
Confirm with . or Enter, or press ? or * to list all spells.
Aiming: Sandblast (safe; 1% risk of failure)
Press: ? - help, Shift-Dir - straight line, f/p - spriggan
Aim: a spriggan, wielding a +0 spear (lightly wounded, 70% to hit)
The blast of sand hits the spriggan!
The spriggan is moderately wounded.
Malevolent energies surge around you.
The spriggan hits you with a +0 trident!
The spriggan hits you with a +0 spear.
* * * LOW HITPOINT WARNING * * *
The spriggan hits you with a +0 trident!
* * * LOW HITPOINT WARNING * * *
You focus on the pain.
You feel agile all of a sudden.
Unknown command.
You feel very mighty all of a sudden. You block the spriggan's attack.
The spriggan hits you with a +0 trident.
* * * LOW HITPOINT WARNING * * *
The spriggan hits you from afar with a +0 trident!
You die...

#..♣ #♣..# #..♣
#..# #..#i #..#
#..#. #..# #..♣..
.#..# #..#.i♣
..♣..#
#..#♣.b♣♣♣♣♣..#♣..#
##..##bbb..bi#♣..##
##@i####~#♣##..##
##ii..~~~....##
##....b....##
##.......##
#########


You could see 3 spriggans.

Vanquished Creatures
  Pikel (D:7)
  Maggie (D:6)
  A hornet (D:8)
  2 wraiths (Ossuary)
  A spriggan (Bailey)
  A water moccasin (D:6)
  An acid dragon (D:7)
  2 black bears
  An orc warrior (D:7)
  5 ice beasts
  3 centaurs
  3 phantoms
  A lemure (D:7)
  2 bullfrogs
  A gnoll sergeant (D:6)
  A scorpion (D:5)
  2 wights (Ossuary)
  10 killer bees
  3 hounds
  2 jellies
  Crazy Yiuf (D:6)
  2 orc priests
  A gnoll bouda (D:4)
  11 orc wizards
  A sleepcap (D:5)
  2 iguanas
  Natasha (thrice) (D:2)
  4 adders
  11 gnolls
  An ufetubus (D:6)
  An adder zombie (Ossuary)
  A worm (D:5)
  5 dart slugs
  29 orcs
  4 ball pythons
  9 endoplasms
  A giant cockroach (D:1)
  6 hobgoblins
  3 kobolds
  4 quokkas (D:1)
  2 ball python skeletons (Ossuary)
  3 bats
  5 frilled lizards
  5 goblins
  A hobgoblin skeleton (Ossuary)
  3 hobgoblin zombies (Ossuary)
  A kobold zombie (Ossuary)
  An orc zombie (Ossuary)
  3 rats (D:1)
168 creatures vanquished.

Vanquished Creatures (others)
  A plant (D:4)
1 creature vanquished.

Grand Total: 169 creatures vanquished

Notes
Turn   | Place    | Note
-------+----------+-------------------------------------------
     0 | D:1      | DemonSlayer the Demonspawn Earth Elementalist began the
                  | quest for the Orb.
     0 | D:1      | Reached XP level 1. HP: 13/13 MP: 3/3
   317 | D:1      | Gained mutation: You sometimes gain a little power by
                  | taking damage. [demonic ancestry]
   317 | D:1      | Reached XP level 2. HP: 19/19 MP: 3/5
   757 | D:1      | Reached skill level 1 in Transmutations
  1213 | D:1      | Learned a level 2 spell: Passwall
  1283 | D:2      | Gained mutation: You have large cloven feet. [demonic
                  | ancestry]
  1283 | D:2      | Reached XP level 3. HP: 24/24 MP: 4/6
  1476 | D:2      | Noticed Natasha
  1480 | D:2      | Killed Natasha
  1536 | D:2      | Identified the +1 robe "Idetuiz" {Contam rCorr Int+9 Dex+4}
  1630 | D:2      | Gained mutation: You have a somewhat thin skeletal
                  | structure. (Dex +2, Stealth+) [demonic ancestry]
  1630 | D:2      | Reached XP level 4. HP: 30/30 MP: 5/8
  1707 | D:2      | Noticed Natasha
  1713 | D:2      | Killed Natasha
  1974 | D:2      | Noticed Natasha
  1982 | D:2      | Killed Natasha
  2191 | D:2      | Learned a level 3 spell: Stone Arrow
  2195 | D:2      | Learned a level 3 spell: Mephitic Cloud
  2260 | D:3      | Found a sacrificial altar of Ru.
  2294 | D:3      | Gained mutation: You have a moderately thin skeletal
                  | structure. (Dex +4, Stealth++) [demonic ancestry]
  2294 | D:3      | Reached XP level 5. HP: 35/35 MP: 8/11
  2668 | D:3      | Found a hazy altar of Hepliaklqana.
  2791 | D:3      | You fall into a shaft and drop 3 floors!
  2817 | D:6      | Gained mutation: You have hoof-like feet. [demonic
                  | ancestry]
  2817 | D:6      | Reached XP level 6. HP: 30/41 MP: 3/12
  3134 | D:6      | Reached skill level 1 in Short Blades
  3214 | D:6      | Noticed a water moccasin
  3220 | D:6      | Learned a level 4 spell: Petrify
  3227 | D:6      | Killed a water moccasin
  3315 | D:6      | Reached skill level 5 in Spellcasting
  3315 | D:6      | Reached skill level 5 in Earth Magic
  3315 | D:6      | Gained mutation: Spells you cast may paralyse adjacent
                  | enemies. [demonic ancestry]
  3315 | D:6      | Reached XP level 7. HP: 37/46 MP: 8/14
  3608 | D:6      | Noticed Maggie
  3616 | D:6      | Killed Maggie
  3617 | D:6      | Gained mutation: Spells you cast may paralyse nearby
                  | enemies. [demonic ancestry]
  3617 | D:6      | Reached XP level 8. HP: 53/53 MP: 9/17
  3876 | D:6      | Found a runed translucent door.
  3877 | D:6      | Noticed Crazy Yiuf
  3951 | D:6      | Reached skill level 1 in Fighting
  4304 | D:5      | Entered Level 5 of the Dungeon
  4762 | D:5      | Found a shimmering altar of Xom.
  4763 | D:5      | Found a blossoming altar of Fedhas.
  4864 | D:5      | Reached skill level 1 in Shields
  5386 | D:4      | Reached XP level 9. HP: 59/59 MP: 20/20
  5437 | D:4      | Noticed jejorda2's ghost (novice MfBe)
  5445 | D:4      | Found a runed translucent gate.
  5445 | D:4      | Found a runed translucent gate.
  5445 | D:4      | Found a runed translucent gate.
  5466 | D:4      | Found an iron altar of Okawaru.
  6097 | D:6      | Killed Crazy Yiuf
  6421 | D:7      | Noticed Pikel
  6432 | D:7      | Killed Pikel
  6454 | D:7      | Found a sand-covered staircase.
  6460 | Ossuary  | Entered an ossuary
  6787 | Ossuary  | Learned a level 7 spell: Summon Hydra
  7427 | D:7      | Reached skill level 5 in Stealth
  7840 | D:7      | Found a staircase to the Ecumenical Temple.
  7852 | Temple   | Entered the Ecumenical Temple
  8266 | D:8      | Found Gewei's Book Boutique.
  8301 | D:8      | Reached XP level 10. HP: 66/66 MP: 22/22
  8336 | D:8      | Found a snail-covered altar of Cheibriados.
  8391 | D:8      | Became a worshipper of Cheibriados the Contemplative
  8547 | D:8      | Found a flagged portal.
  8553 | Bailey   | Entered a bailey
  8642 | Bailey   | Slain by a spriggan

Illustrated notes

Levels and vault maps discovered:
D:1:      lemuel_arrival_lava_pool, layout_basic, chequers_jeans
D:2:      layout_basic, nicolae_kite_square_tiling_tiny,
          kennysheep_generic_room_3, uniq_natasha
D:3:      layout_rooms, nzn_hepliaklqana_mist_gate,
          nicolae_ru_sacrificial_ziggurat, serial_forest,
          infiniplex_forest_corner_2, infiniplex_forest_lined_2,
          infiniplex_forest_clump_medium, infiniplex_forest_diagonal,
          infiniplex_forest_zigzag_1, infiniplex_forest_end_2,
          kennysheep_generic_room_4
D:4:      cheibrodos_old_hovel, layout_basic, okawaru_metal_pillars_1_2,
          gammafunk_ghost_split
D:5:      layout_basic, chequers_temple_overflow_statue_of_worship
D:6:      layout_basic, grunt_decor_one_mirror, uniq_maggie,
          uniq_crazy_yiuf_cottage
D:7:      layout_rooms, temple_hall, nicolae_ossuary_entry_plus, uniq_pikel
D:8:      layout_basic, mainiacjoe_overflow_catwalk,
          mainiacjoe_overflow_alcove_2, serial_shops, nicolae_diamond_shop,
          enter_bailey_4, kennysheep_generic_room_2
Temple:   oiseaux_autumnal_temple
Bailey:   bailey_polearm_enchanted_keep_hellmonk, bailey

Skill      XL: |  1  2  3  4  5  6  7  8  9 10 |
---------------+-------------------------------+-----
Earth Magic    | 3 4 5 6 8 |  8.5
Dodging        | 2 3 |  3.7
Transmutations | 1 |  1.0
Spellcasting   | 3 4 5 6 7 8 |  8.9
Stealth        | 2 3 5 |  5.3
Short Blades   | 1 2 |  2.0
Fighting       | 1 |  1.6
Shields        | 1 |  1.4
Unarmed Combat | |  0.1

Action                     |  1- 3 |  4- 6 |  7- 9 | 10-12 || total
---------------------------+-------+-------+-------+-------++-------
  Melee: Unarmed           |    39 |       |       |       ||    39
         Dagger            |     1 |    20 |    41 |     2 ||    64
         Kick              |       |     8 |     1 |       ||     9
   Cast: Sandblast         |    47 |    48 |   152 |    17 ||   264
    Use: Potion            |     1 |       |     1 |     5 ||     7
         Scroll            |     5 |       |    16 |     1 ||    22
   Stab: Sleeping          |     1 |     2 |     4 |       ||     7
         Paralysed         |       |       |    12 |     1 ||    13
 Armour: Robe              |    11 |    25 |    22 |     3 ||    61
  Dodge: Dodged            |    44 |    26 |    62 |    27 ||   159
  Block: Buckler           |       |    18 |    18 |    17 ||    53

Table legend: (Time is in decaauts)
 A = Elapsed time spent in this place.
 B = Non-inter-level travel time spent in this place.
 C = Inter-level travel time spent in this place.
 D = Time resting spent in this place.
 E = Time spent auto-exploring this place.
 F = Levels seen in this place.
 G = Mean time per level.
                   A        B        C        D        E       F      G
               +--------+--------+--------+--------+--------+-----+--------+
         Total |   8868 |   8014 |    854 |    471 |   6284 |  11 |  806.2 |
       Dungeon |   7977 |   7197 |    780 |    471 |   5679 |   8 |  997.1 |
        Temple |    354 |    281 |     73 |      0 |    267 |   1 |  354.0 |
       Ossuary |    426 |    426 |      0 |      0 |    266 |   1 |  426.0 |
        Bailey |    110 |    110 |      0 |      0 |     70 |   1 |  110.0 |
               +--------+--------+--------+--------+--------+-----+--------+

Top non-repeatable levels by time:
     D:6: 2415 daAuts
     D:1: 1250 daAuts
     D:2: 1026 daAuts
     D:5: 897 daAuts
     D:3: 708 daAuts
     D:4: 688 daAuts
     D:7: 652 daAuts
 Ossuary: 426 daAuts
  Temple: 354 daAuts
     D:8: 337 daAuts
  Bailey: 110 daAuts
